 Dungeon Crawl Stone Soup version 0.30.1-8-g117510f58f (webtiles) character file.

Game seed: 5677222714980160946

2634 wezzr the Slasher (level 9, -4/69 HPs)
             Began as a Demonspawn Fighter on Sept 22, 2023.
             Was a Priest of Okawaru.
             Succumbed to a killer bee's poison
             ... on level 6 of the Dungeon.
             The game lasted 00:22:59 (8393 turns).

wezzr the Slasher (Demonspawn Fighter)              Turns: 8393, Time: 00:23:00

Health: -4/69      AC: 11    Str: 20    XL:     9   Next: 35%
Magic:  9/9        EV:  8    Int: 11    God:    Okawaru [***...]
Gold:   308        SH: 14    Dex: 18    Spells: 8/8 levels left

rFire   . . .        a - +0 long sword
rCold   . . .        q - +0 kite shield
rNeg    . . .        k - +0 chain mail
rPois   .            (helmet unavailable)
rElec   .            (no cloak)
rCorr   .            (no gloves)
SInv    .            e - +0 pair of boots
Will    .....        (no amulet) Stlth
                     g - +6 ring of dexterity
HPRegen 0.31/turn    (no ring)
MPRegen 0.11/turn

%: no passive effects
@: lethally poisoned (-4 -> -24)
A: claws 2, horns 3, (demonic guardian 1), condensation shield, weakness stinger
1
a: Renounce Religion, Heroism


You were on level 6 of the Dungeon.
You worshipped Okawaru.
Okawaru was most pleased with you.
You visited 2 branches of the dungeon, and saw 8 of its levels.
You also visited: Sewer.

You collected 308 gold pieces.

Inventory:

Hand Weapons
 a - a +0 long sword (weapon)
 B - a +3 flail of protection
 F - a +4 dagger of freezing
Missiles
 n - 4 boomerangs of dispersal (quivered)
 x - a throwing net
Armour
 b - a +0 scale mail
 c - a +0 buckler
 e - a +0 pair of boots (worn)
 k - a +0 chain mail (worn)
 q - a +0 kite shield (worn)
Jewellery
 f - a ring of fire
 g - a +6 ring of dexterity (left claw)
 r - a ring of flight
 y - a ring of resist corrosion
Wands
 d - a wand of flame (10)
 C - a wand of paralysis (10)
 D - a wand of light (8)
 M - a wand of polymorph (8)
Scrolls
 p - 7 scrolls of teleportation {unknown}
 s - 3 scrolls of noise {unknown}
 t - a scroll of brand weapon {unknown}
 u - a scroll of enchant weapon {unknown}
 w - 3 scrolls of identify
 E - a scroll of torment {unknown}
 J - a scroll of immolation {unknown}
 L - a scroll of poison {unknown}
Potions
 h - 4 potions of lignification
 i - a potion of ambrosia {unknown}
 j - a potion of degeneration {unknown}
 l - 2 potions of berserk rage {unknown}
 m - 4 potions of magic
 o - 2 potions of curing {unknown}
 v - 5 potions of haste {unknown}
 z - a potion of flight {unknown}
 A - a potion of attraction {unknown}
 G - a potion of heal wounds
 H - 3 potions of resistance {unknown}
 I - a potion of invisibility {unknown}
 K - a potion of might


   Skills:
 * Level 5.6 Fighting
 + Level 4.0(5.9) Short Blades
 * Level 6.7(7.3) Long Blades
 + Level 5.3 Armour
 + Level 2.0 Dodging
 + Level 0.4 Stealth
 * Level 6.0 Shields


You had 8 spell levels left.
You didn't know any spells.
Your spell library contained the following spells:

 Spells                   Type           Power      Damage    Failure   Level
 Kiss of Death            Conj/Necr      0%         2d5       99%         1
 Sandblast                Erth           0%         2d4       99%         1
 Sting                    Tmut/Pois      0%         1d3       99%         1
 Cigotuvi's Dreadful Rot  Necr/Pois/Air  0%         N/A       100%        2
 Passwall                 Tmut/Erth      0%         N/A       100%        2
 Static Discharge         Conj/Air       0%         2-2/arc   100%        2
 Confusing Touch          Hex            0%         N/A       100%        3
 Ignite Poison            Fire/Tmut/Pois 0%         N/A       100%        3
 Inner Flame              Hex/Fire       0%         N/A       100%        3
 Stone Arrow              Conj/Erth      0%         3d7       100%        3
 Airstrike                Air            0%         2d(0-16)  100%        4
 Dispel Undead            Necr           0%         3d6       100%        4
 Flame Wave               Conj/Fire      0%         2d4       100%        4
 Sticky Flame             Conj/Fire      0%         2d3       100%        4
 Freezing Cloud           Conj/Ice/Air   0%         6-21      100%        5
 Storm Form               Tmut/Air       0%         N/A       100%        7
 Summon Guardian Golem    Hex/Summ       Unusable   N/A       N/A         3
 Summon Lightning Spire   Summ/Air       Unusable   N/A       N/A         4
 Spellforged Servitor     Conj/Summ      Unusable   N/A       N/A         7

Dungeon Overview and Level Annotations

Branches:
Dungeon (7/15)             Temple (1/1) D:4           Sewer (visited)

Altars:
Ashenzari
Cheibriados
Dithmenos
Fedhas
Gozag
Hepliaklqana
Kikubaaqudgha
Nemelex Xobeh
Okawaru
Qazlal
Ru
Sif Muna
Trog
Uskayaw
Vehumet
Wu Jian
Xom
Yredelemnul

Shops:
D:2 [

Annotations:
D:4 3 runed translucent doors, Ananasrisotto's ghost, amateur DsFE


Innate Abilities, Weirdness & Mutations

You have very sharp fingernails.
You have a pair of large horns on your head.
((A weak demonic guardian rushes to your aid.))
A meltable shield of frost defends you. (SH +4)
You have a small tail.


Message History

The killer bee attacks as you move away!
You block the killer bee's attack.
The killer bee attacks as you move away!
You block the killer bee's attack.
* * * LOW HITPOINT WARNING * * *
You feel very sick.
The killer bee stings you but does no damage.
The killer bee stings you.
* * * LOW HITPOINT WARNING * * *
The killer bee attacks as you move away!
You block the killer bee's attack.
The killer bee attacks as you move away!
The killer bee stings you but does no damage.
* * * LOW HITPOINT WARNING * * *
You feel very sick.
The killer bee stings you but does no damage.
You feel much better.
You feel very sick. The killer bee stings you.
You are lethally poisoned!
The killer bee poisons you! You block the killer bee's attack. x2
The killer bee attacks as you move away!
The killer bee stings you but does no damage.
* * * LOW HITPOINT WARNING * * *
You feel very sick. The killer bee closely misses you.
You block the killer bee's attack. The killer bee stings you!
* * * LOW HITPOINT WARNING * * *
The killer bee attacks as you move away!
You block the killer bee's attack.
* * * LOW HITPOINT WARNING * * *
You feel very sick.
The killer bee stings you but does no damage.
The killer bee stings you.
* * * LOW HITPOINT WARNING * * *
You are more poisoned.
The killer bee poisons you!
The killer bee attacks as you move away!
You block the killer bee's attack.
You die...

##....####.........## ##.
#......##.[......### ##..
#......#...#...### ##..#
#..........#.###
#####..## ##.........###
####..##..# ##........#
##.....#..##
#........#####........##
# ##.........#..........#
##
###.....@.yy...>....####.
##..####yy.........###..
#..## #.........#..##..
###.### #........###.....
##.....## ##......##
###... #.......##
#.....## #.... #........#
##...## #.... #.......##
##.## #.<.. #.......# ###
#....


You could see 4 killer bees.

Vanquished Creatures
  Grinder (D:5)
  Sigmund (D:4)
  A wraith (D:6)
  An orc warrior (D:6)
  A black bear (D:6)
  An ice beast (D:6)
  2 ogres
  A centaur (D:6)
  A phantom (D:6)
  Blork the orc (D:5)
  A kobold brigand (Sewer)
  2 bullfrogs
  A gnoll sergeant (D:6)
  A scorpion (D:6)
  5 wights (D:6)
  A killer bee (D:6)
  2 howler monkeys
  6 hounds
  A jelly (D:6)
  Crazy Yiuf (D:5)
  Jessica (D:2)
  3 iguanas
  3 sleepcaps
  8 adders
  12 gnolls
  2 white imps
  An ufetubus (D:5)
  A worm (D:6)
  13 orcs
  14 ball pythons
  19 endoplasms
  4 giant cockroaches
  8 hobgoblins
  3 jackals (D:3)
  3 quokkas
  3 bats
  A frilled lizard (D:3)
  4 goblins
  18 kobolds
  8 rats
161 creatures vanquished.

Vanquished Creatures (others)
  An orc wizard (D:6)
1 creature vanquished.

Grand Total: 162 creatures vanquished

Notes
Turn   | Place    | Note
-------+----------+-------------------------------------------
     0 | D:1      | wezzr the Demonspawn Fighter began the quest for the Orb.
     0 | D:1      | Reached XP level 1. HP: 18/18 MP: 1/1
     2 | D:1      | Got the Writings on the Transmuted Comitatus
   238 | D:1      | Discovered your monstrous ancestry.
   238 | D:1      | Gained mutation: You have a pair of small horns on your
                  | head. [demonic ancestry]
   238 | D:1      | Reached XP level 2. HP: 24/24 MP: 2/2
  1028 | D:2      | Gained mutation: You have a pair of horns on your head.
                  | [demonic ancestry]
  1028 | D:2      | Reached XP level 3. HP: 23/29 MP: 3/3
  1163 | D:2      | Found Eggozxea's Armour Emporium.
  1390 | D:2      | Noticed Jessica
  1401 | D:2      | Killed Jessica
  1402 | D:2      | Reached skill level 1 in Short Blades
  1758 | D:3      | Gained mutation: You have sharp fingernails. [demonic
                  | ancestry]
  1758 | D:3      | Reached XP level 4. HP: 35/35 MP: 4/4
  2252 | D:3      | Found a bloodstained altar of Trog.
  2977 | D:4      | Gained mutation: You have a pair of large horns on your
                  | head. [demonic ancestry]
  2977 | D:4      | Reached XP level 5. HP: 41/41 MP: 5/5
  3011 | D:3      | Reached skill level 1 in Dodging
  3024 | D:4      | Noticed Sigmund
  3716 | D:4      | Killed Sigmund
  3717 | D:4      | Gained mutation: You have very sharp fingernails. [demonic
                  | ancestry]
  3717 | D:4      | Reached XP level 6. HP: 31/48 MP: 6/6
  4035 | D:4      | Found a staircase to the Ecumenical Temple.
  4045 | Temple   | Entered the Ecumenical Temple
  4080 | Temple   | Became a worshipper of Warmaster Okawaru
  4229 | D:4      | Noticed Ananasrisotto's ghost (amateur DsFE)
  4230 | D:4      | Found a runed translucent gate.
  4230 | D:4      | Identified the +6 dagger "Impslayer" {heavy, Str+3 Int+4}
  4230 | D:4      | Identified the +4 scale mail "Bochonou" {rC- Dex+3}
  4231 | D:4      | Found a runed translucent gate.
  4232 | D:4      | Found a runed translucent gate.
  4314 | D:5      | Entered Level 5 of the Dungeon
  4405 | D:5      | Found a broken altar of Ashenzari.
  4447 | D:5      | Gained mutation: A weak demonic guardian rushes to your
                  | aid. [demonic ancestry]
  4447 | D:5      | Reached XP level 7. HP: 37/53 MP: 7/7
  4825 | D:5      | Noticed Blork the orc
  4835 | D:5      | Killed Blork the orc
  4835 | D:5      | Reached * piety under Okawaru
  5001 | D:5      | Noticed Grinder
  5006 | D:5      | Paralysed by Grinder for 5 turns
  5024 | D:5      | Killed Grinder
  5319 | D:5      | Found a runed translucent door.
  5320 | D:5      | Noticed Crazy Yiuf
  5328 | D:5      | Killed Crazy Yiuf
  5329 | D:5      | Gained mutation: A meltable shield of frost defends you.
                  | (SH +4) [demonic ancestry]
  5329 | D:5      | Reached XP level 8. HP: 42/61 MP: 8/8
  5961 | D:6      | Reached ** piety under Okawaru
  5962 | D:6      | Reached skill level 5 in Long Blades
  6201 | D:6      | Reached skill level 5 in Armour
  6267 | D:6      | Reached skill level 5 in Fighting
  6267 | D:6      | Reached skill level 5 in Shields
  6304 | D:6      | Found a glowing drain.
  6382 | Sewer    | Entered a sewer
  6786 | D:6      | Gained mutation: You have a small tail. [demonic ancestry]
  6786 | D:6      | Reached XP level 9. HP: 55/68 MP: 9/9
  6793 | D:6      | Reached *** piety under Okawaru
  8392 | D:6      | HP: 1/69 [killer bee (4)]
  8393 | D:6      | Succumbed to a killer bee's poison

Illustrated notes

Levels and vault maps discovered:
D:1:      minmay_arrival_shattered_statue, layout_loops_ring,
          grunt_decor_resistance, minivault_4
D:2:      layout_loops_cross, serial_shops, nicolae_shop_real_fake_doors,
          uniq_jessica
D:3:      layout_basic, nicolae_overflow_crystal_walls, bloody_trog,
          chequers_serial_rivers_marsh
D:4:      nicolae_cairo_tiling_large_dashed, layout_rooms,
          general_overflow_altar, minmay_temple_entry_gardened_gates,
          biasface_ghost_orc_armoury, uniq_sigmund
D:5:      layout_loops_corners, mainiacjoe_overflow_concentric_impassable,
          uniq_blork_the_orc, uniq_grinder, uniq_crazy_yiuf_cottage
D:6:      cheibrodos_barr_body, layout_cave_pods, cheibrodos_sewer_entry_bend
D:7:      layout_cave_pools, mainiacjoe_overflow_paths
Temple:   lightli_temple_of_artemis

Skill      XL: |  1  2  3  4  5  6  7  8  9 |
---------------+----------------------------+-----
Long Blades    | 2 3 4 6 |  6.7
Armour         | 3 4 5 |  5.3
Short Blades   | 1 2 3 4 |  4.0
Shields        | 3 4 5 6 |  6.0
Dodging        | 1 2 |  2.0
Fighting       | 4 5 |  5.6
Stealth        | |  0.4

Action                     |  1- 3 |  4- 6 |  7- 9 || total
---------------------------+-------+-------+-------++-------
  Melee: Long sword        |    90 |   125 |   314 ||   529
         Headbutt          |     5 |    20 |    66 ||    91
         Tailslap          |       |       |    15 ||    15
    Use: Scroll            |       |     2 |       ||     2
         Potion            |       |     1 |     2 ||     3
 Armour: Scale mail        |    25 |       |       ||    25
         Chain mail        |     8 |    61 |   155 ||   224
  Dodge: Dodged            |    35 |    31 |   122 ||   188
  Block: Buckler           |    22 |       |       ||    22
         Kite shield       |     7 |    83 |   378 ||   468
